 Dungeon Crawl Stone Soup version 0.24-a0-458-gfcb5e6da0e (webtiles) character file.

Game seed: 15401274758269519068

6100 valeric the Cleaver (level 10, 0/88 HPs)
             Began as a Hill Orc Fighter on June 27, 2019.
             Was a Believer of Makhleb.
             Slain by a 14-headed hydra (9 damage)
             ... on level 9 of the Dungeon.
             The game lasted 01:15:48 (5430 turns).

valeric the Cleaver (Hill Orc Fighter)              Turns: 5430, Time: 01:15:48

Health: 0/88       AC: 16    Str: 22    XL:     10   Next: 88%
Magic:  10/10      EV: 11    Int:  8    God:    Makhleb [**....]
Gold:   478        SH: 11    Dex: 11    Spells: 9/9 levels left

rFire    . . .     SeeInvis .   q - +1 hand axe (elec)
rCold    . . .     Gourm    .   c - +0 shield
rNeg     . . .     Faith    .   L - +0 plate armour
rPois    .         Spirit   .   (no helmet)
rElec    .         Reflect  .   (no cloak)
rCorr    .         Harm     .   D - +0 pair of gloves
MR       .....                  r - +0 pair of boots
Stlth    ..........             B - amulet of rage
HPRegen  0.24/turn              w - ring of flight
MPRegen  0.12/turn              k - +5 ring of evasion

@: no status effects
A: hooves 1, MP-powered wands
a: Minor Destruction, Renounce Religion, Evoke Berserk Rage, Evoke Flight


You were on level 9 of the Dungeon.
You worshipped Makhleb.
Makhleb was pleased with you.
You were not hungry.

You visited 2 branches of the dungeon, and saw 10 of its levels.

You collected 478 gold pieces.

Inventory:

Hand Weapons
 a - a +1 war axe
 g - a +0 short sword
 h - a +0 war axe of flaming
 q - a +1 hand axe of electrocution (weapon)
 t - a +2 short sword of flaming
 x - a +0 hand axe
 P - a +0 broad axe
Armour
 b - a +0 scale mail
 c - a +0 shield (worn)
 d - a +3 chain mail of cold resistance
 e - a +3 ring mail
 r - a +0 pair of boots (worn)
 D - a +0 pair of gloves (worn)
 E - a cursed +0 ring mail
 L - a +0 plate armour (worn)
 O - a +0 shield
Jewellery
 k - a +5 ring of evasion (right hand)
 m - a +2 ring of intelligence
 w - a ring of flight (left hand)
 B - an amulet of rage (around neck)
 N - an uncursed ring of see invisible {unknown}
Wands
 i - a wand of enslavement (7)
 J - a wand of random effects (18)
Scrolls
 l - 5 scrolls of enchant weapon
 p - 9 scrolls of identify
 s - 5 scrolls of remove curse
 z - 4 scrolls of fog
 C - 2 scrolls of amnesia
 F - a scroll of enchant armour {unknown}
 G - a scroll of blinking {unknown}
 H - a scroll of teleportation
 M - a scroll of magic mapping
 Q - a scroll of vulnerability {unknown}
Potions
 j - a potion of haste {unknown}
 n - 2 potions of agility
 o - 2 potions of lignification
 u - a potion of ambrosia
 A - a potion of degeneration
 I - 2 potions of invisibility {unknown}
 K - a potion of curing {unknown}
Comestibles
 f - 13 rations


   Skills:
 + Level 8.0 Fighting
 + Level 13.2 Axes
 * Level 8.4 Armour
 - Level 2.1 Dodging
 + Level 0.3 Stealth
 + Level 8.9 Shields


You had 9 spell levels left.
You didn't know any spells.
Your spell library contained the following spells:

 Spells                   Type           Power        Failure   Level  Hunger
 Sting                    Conj/Pois      #...         100%        1    ##.....
 Poisonous Vapours        Pois/Air       #.....       100%        2    ###....
 Spider Form              Tmut/Pois      #.........   100%        3    ####...
 Tukima's Dance           Hex            #.......     100%        3    ####...
 Leda's Liquefaction      Hex/Erth       #.........   100%        4    #####..
 Invisibility             Hex            #.......     100%        6    #######


Dungeon Overview and Level Annotations

Branches:
Dungeon (9/15)             Temple (1/1) D:7
   Lair: D:8-11         Orc: D:9-12

Altars:
Ashenzari
Cheibriados
Dithmenos
Elyvilon
Fedhas
Gozag
Hepliaklqana
Kikubaaqudgha
Makhleb
Nemelex Xobeh
Okawaru
Qazlal
Ru
Sif Muna
Trog
Uskayaw
Vehumet
Wu Jian
Xom
Yredelemnul
Zin
The Shining One

Shops:
D:5 (


Innate Abilities, Weirdness & Mutations

You have large cloven feet.
You expend magic power (3 MP) to strengthen your wands.


Message History

The 14-headed hydra barely misses you. The 14-headed hydra bites you!
* * * LOW HITPOINT WARNING * * *
You block the 14-headed hydra's attack.
The 14-headed hydra completely misses you.
The 14-headed hydra bites you but does no damage. x2
The 14-headed hydra bites you!
* * * LOW HITPOINT WARNING * * *
The 14-headed hydra barely misses you. You block the 14-headed hydra's attack.
The 14-headed hydra barely misses you.
The 14-headed hydra bites you but does no damage.
The 14-headed hydra bites you but does no damage. x2
The 14-headed hydra bites you.
* * * LOW HITPOINT WARNING * * *
The 14-headed hydra closely misses you.
The 14-headed hydra bites you but does no damage. x2
The 14-headed hydra bites you.
* * * LOW HITPOINT WARNING * * *
The 14-headed hydra completely misses you.
You block the 14-headed hydra's attack. The 14-headed hydra bites you!
You die...

#............_..#####
#......####..........
#...>................
#....................
####.#########..#..).
#.# ######.#.... #.#
#......#....
#.#####...)).#....
#@........).......
#D........).#.###.
######........####..##.
........................
#######........#####.###
#.......... ....
#........#### ..#
#........# ...#
#........# #..


You could see a 14-headed hydra.

Vanquished Creatures
  2 two-headed ogres (D:8)
  The ghost of firegrace the Carver, a novice MiGl of Okawaru (D:7)
  Prince Ribbit (D:7)
  2 wyverns
  2 vampire mosquitoes (D:9)
  Duvessa (D:4)
  Purgy (D:4)
  An orc warrior (D:7)
  3 sky beasts
  8 ogres
  3 centaurs
  Blork the orc (D:4)
  A big kobold (D:7)
  8 bullfrogs
  Dowan (D:4)
  A scorpion (D:4)
  6 howler monkeys
  A crimson imp (D:9)
  2 hounds
  An orc priest (D:9)
  3 jellies
  An iguana (D:4)
  A bullfrog skeleton (D:6)
  Terence (D:2)
  9 orc wizards
  7 worker ants
  2 worker ant zombies
  A howler monkey skeleton (D:7)
  7 gnolls
  8 adders
  4 shadow imps
  2 oozes
  5 worms
  4 dart slugs
  3 leopard geckos
  22 orcs
  A ball python (D:2)
  18 giant cockroaches
  5 goblins
  7 hobgoblins
  11 jackals
  14 kobolds
  4 quokkas
  18 bats
  4 frilled lizards
  A giant cockroach zombie (D:6)
  2 leopard gecko skeletons
  7 rats
  3 fungi (D:6)
222 creatures vanquished.

Vanquished Creatures (others)
  A plant (D:3)
1 creature vanquished.

Grand Total: 223 creatures vanquished

Notes
Turn   | Place    | Note
-------+----------+-------------------------------------------
     0 | D:1      | valeric the Hill Orc Fighter began the quest for the Orb.
     0 | D:1      | Reached XP level 1. HP: 19/19 MP: 1/1
   104 | D:1      | Reached XP level 2. HP: 27/27 MP: 2/2
   200 | D:1      | Reached skill level 3 in Axes
   244 | D:1      | Gained mutation: You expend magic power (3 MP) to
                  | strengthen your wands. [potion of mutation]
   244 | D:1      | Gained mutation: You have large cloven feet. [potion of
                  | mutation]
   268 | D:1      | Reached XP level 3. HP: 33/33 MP: 3/3
   772 | D:2      | Reached skill level 4 in Axes
   931 | D:2      | Reached XP level 4. HP: 40/40 MP: 4/4
   953 | D:2      | Noticed Terence
   982 | D:2      | Killed Terence
  1319 | D:3      | Reached XP level 5. HP: 46/46 MP: 5/5
  1493 | D:3      | Reached skill level 5 in Axes
  1957 | D:4      | Reached XP level 6. HP: 45/53 MP: 6/6
  1967 | D:4      | Reached skill level 6 in Axes
  2004 | D:4      | Noticed Purgy
  2056 | D:4      | Killed Purgy
  2056 | D:4      | Reached skill level 7 in Axes
  2056 | D:4      | Reached skill level 1 in Dodging
  2056 | D:4      | Reached XP level 7. HP: 6/60 MP: 7/7
  2066 | D:4      | Noticed Blork the orc
  2170 | D:4      | Killed Blork the orc
  2203 | D:4      | Reached skill level 5 in Shields
  2353 | D:4      | Noticed Dowan
  2355 | D:4      | Noticed Duvessa
  2371 | D:4      | Killed Dowan
  2376 | D:4      | Killed Duvessa
  2376 | D:4      | Reached skill level 5 in Fighting
  2376 | D:4      | Reached skill level 8 in Axes
  2376 | D:4      | Reached XP level 8. HP: 54/68 MP: 8/8
  2455 | D:5      | Entered Level 5 of the Dungeon
  2492 | D:5      | Found Hopsun's Antique Weapon Shop.
  2658 | D:5      | Reached skill level 5 in Armour
  2931 | D:6      | Reached skill level 9 in Axes
  3238 | D:6      | Reached skill level 10 in Axes
  3280 | D:6      | Reached XP level 9. HP: 48/75 MP: 9/9
  3467 | D:6      | Found a burning altar of Makhleb.
  3473 | D:6      | Became a worshipper of Makhleb the Destroyer
  3745 | D:7      | Found a staircase to the Ecumenical Temple.
  3772 | D:7      | Found an opulent altar of Gozag.
  3886 | D:7      | Noticed Prince Ribbit
  3936 | Temple   | Entered the Ecumenical Temple
  4072 | D:7      | Identified the Papyrus of Toxins and Beguiling
  4145 | D:7      | Killed Prince Ribbit
  4145 | D:7      | Reached skill level 11 in Axes
  4246 | D:7      | Identified the cursed +2 dire flail of an ice cave {crush,
                  | rPois Int+4}
  4249 | D:7      | Found a transporter.
  4249 | D:7      | Noticed firegrace's ghost (novice MiGl)
  4251 | D:7      | Found a transporter.
  4331 | D:7      | Killed firegrace's ghost
  4331 | D:7      | Reached XP level 10. HP: 36/86 MP: 10/10
  4395 | D:7      | Reached * piety under Makhleb
  4476 | D:7      | Reached skill level 12 in Axes
  4539 | D:8      | Found a shimmering altar of Xom.
  4572 | D:8      | Noticed a two-headed ogre
  4584 | D:8      | Killed a two-headed ogre
  4626 | D:8      | Noticed a two-headed ogre
  4643 | D:8      | Killed a two-headed ogre
  5098 | D:9      | Reached skill level 13 in Axes
  5198 | D:9      | Found a sparkling altar of Nemelex Xobeh.
  5226 | D:9      | Reached ** piety under Makhleb
  5305 | D:9      | Noticed a seven-headed hydra
  5430 | D:9      | Slain by a 14-headed hydra

Levels and vault maps discovered:
D:1:      kilobyte_arrival_exit_the_forest, layout_loops_ring
D:2:      layout_rooms, roderic_serpentine_path, uniq_terence
D:3:      minmay_roachtagon, layout_loops_ring, roderic_batcave,
          chequers_big_river
D:4:      layout_rooms, uniq_duvessa, uniq_sigmund, uniq_blork_the_orc,
          uniq_purgy
D:5:      layout_loops_ring, serial_shops, shop_fountains, first_ration,
          minmay_misc_feat_rugged, roderic_roman_lattice, chequers_garden
D:6:      layout_rooms, makhleb_heckhound_becter, uniq_crazy_yiuf_cottage
D:7:      layout_gridville, minmay_temple_entry_stoned_glass,
          gammafunk_ghost_smash, basic_altar, grunt_gozag_breadcrumbs,
          uniq_joseph, uniq_prince_ribbit1
D:8:      layout_basic, basic_altar
D:9:      layout_basic, basic_altar, grunt_ogre_cave
Temple:   nicolae_temple_the_god_donut

Skill      XL: |  1  2  3  4  5  6  7  8  9 10 |
---------------+-------------------------------+-----
Fighting       | 4 5 7 8 |  8.0
Axes           | 3 4 5 7 8 10 11 13 | 13.2
Armour         | 4 5 7 8 |  8.4
Shields        | 4 5 6 8 |  8.9
Dodging        | 1 2 |  2.1
Stealth        | |  0.3

Action                   |  1- 3 |  4- 6 |  7- 9 | 10-12 || total
-------------------------+-------+-------+-------+-------++-------
Melee: War axe           |   105 |   232 |   265 |       ||   602
       Kick              |    13 |    10 |       |       ||    23
       Hand axe          |       |       |    94 |   128 ||   222
  Use: Scroll            |     5 |     3 |     2 |     1 ||    11
       Potion            |     3 |     2 |     8 |     3 ||    16
  Eat: Ration            |       |     1 |     1 |     1 ||     3
       Chunk             |       |       |     6 |     2 ||     8
Armor: Ring mail         |    40 |    22 |       |       ||    62
       Scale mail        |     1 |       |       |       ||     1
       Chain mail        |       |   141 |    95 |       ||   236
       Skin              |       |       |    13 |       ||    13
       Plate armour      |       |       |     8 |    74 ||    82
Dodge: Dodged            |    30 |   108 |   128 |    77 ||   343
Block: Shield            |    54 |   152 |   174 |    75 ||   455

Table legend:
 A = Non-vault XP
 B = Vault XP
 C = Vault XP percentage of total XP
 D = Non-vault monster count
 E = Vault monster count
 F = Vault count percentage of total count
                 A         B        C        D         E       F
            +---------+---------+-------+---------+---------+-------
      Total |    6720 |    1995 |  22.9 |     190 |      29 |  13.2
            +---------+---------+-------+---------+---------+-------
        D:1 |      66 |       0 |   0.0 |      34 |       0 |   0.0
        D:2 |      58 |      36 |  38.3 |      23 |       1 |   4.2
        D:3 |     121 |      34 |  21.9 |      21 |      18 |  46.2
        D:4 |     512 |     462 |  47.4 |      20 |       4 |  16.7
        D:5 |     236 |       0 |   0.0 |      11 |       0 |   0.0
        D:6 |    1090 |      43 |   3.8 |      21 |       1 |   4.5
        D:7 |     918 |    1420 |  60.7 |      29 |       5 |  14.7
        D:8 |    2354 |       0 |   0.0 |      12 |       0 |   0.0
        D:9 |    1365 |       0 |   0.0 |      19 |       0 |   0.0
            +---------+---------+-------+---------+---------+-------
